| TOP OF THE 1ST |
|
Bradenton Sox batting - Pitching for St. Pete Cardinals : RHP Steve Pastrovich
|
|
Pitching: RHP Steve Pastrovich
|
|
|
Batting: RHB Dave Coss
|
0-0: Ball 1-0: Ball 2-0: Swinging Strike 2-1: Ball 3-1: Foul Ball, location: 2F 3-2: Foul Ball, location: 2F 3-2: Base on Balls
|
|
Batting: RHB Rene Gonzales
|
0-0: Ball 1-0: Called Strike 1-1: Ball 2-1: Foul Ball, location: 2F 2-2: SINGLE (Groundball, 34D, EV 109.4 MPH) Dave Coss to second Runner from 2nd tries for 3rd, SAFE, throw by RF made to third
|
|
Batting: RHB Dennis Tiefenthaler
|
0-0: Called Strike 0-1: Called Strike 0-2: Ball 1-2: DOUBLE (Groundball, 5L, EV 96.9 MPH) Dave Coss scores Rene Gonzales to third
|
|
Batting: RHB Dave Hoeksema
|
0-0: Ball 1-0: Fly out, F7 (Line Drive, 7, EV 100.0 MPH)
|
|
Batting: RHB Jerry Nalley
|
0-0: Ball 1-0: Ball 2-0: Called Strike 2-1: Ball 3-1: Called Strike 3-2: Foul Ball, location: 2F 3-2: Foul Ball, location: 2F 3-2: Foul Ball, location: 2F 3-2: Strikes out swinging
|
|
Batting: RHB William Murray
|
0-0: Called Strike 0-1: Called Strike 0-2: Ball 1-2: Ball 2-2: Ground out 6-3 (Groundball, 56, EV 89.4 MPH)
|
| Top of the 1st over - 1 run, 2 hits, 0 errors, 2 left on base; Bradenton 1 - St. Pete 0 |
| BOTTOM OF THE 1ST |
|
St. Pete Cardinals batting - Pitching for Bradenton Sox : RHP Hector Gutierrez
|
|
Pitching: RHP Hector Gutierrez
|
|
|
Batting: RHB John Roberts
|
0-0: Ball 1-0: Ground out 6-3 (Groundball, 6, EV 105.6 MPH)
|
|
Batting: SHB Mickey Riley
|
0-0: Ball 1-0: Fly out, F7 (Flyball, 7LS, EV 81.3 MPH)
|
|
Batting: RHB Joe Scime
|
0-0: Ball 1-0: Called Strike 1-1: Ball 2-1: Called Strike 2-2: Strikes out looking
|
| Bottom of the 1st over - 0 runs, 0 hits, 0 errors, 0 left on base; Bradenton 1 - St. Pete 0 |
| TOP OF THE 2ND |
|
Bradenton Sox batting - Pitching for St. Pete Cardinals : RHP Steve Pastrovich
|
|
Batting: RHB Andre Wood
|
0-0: Called Strike 0-1: Ball 1-1: Fly out, F8 (Flyball, 8LS, EV 86.3 MPH)
|
|
Batting: RHB Gerry Melillo
|
0-0: Ball 1-0: Called Strike 1-1: Ball 2-1: Fly out, F5 (Flyball, 5D, EV 88.8 MPH)
|
|
Batting: RHB Dennis Keating
|
0-0: SINGLE (Flyball, 34D, EV 96.9 MPH)
|
|
Batting: RHB Dave Coss
|
0-0: Called Strike 0-1: Fly out, F8 (Flyball, 8RD, EV 87.5 MPH)
|
| Top of the 2nd over - 0 runs, 1 hit, 0 errors, 1 left on base; Bradenton 1 - St. Pete 0 |
| BOTTOM OF THE 2ND |
|
St. Pete Cardinals batting - Pitching for Bradenton Sox : RHP Hector Gutierrez
|
|
Batting: RHB John Marquardt
|
0-0: Ball 1-0: Ball 2-0: Ground out 5-3 (Groundball, 56, EV 101.9 MPH)
|
|
Batting: LHB Richard Hazard
|
0-0: Called Strike 0-1: Ball 1-1: Ball 2-1: Ball 3-1: Called Strike 3-2: SINGLE (Groundball, 4D, EV 96.9 MPH)
|
|
Batting: RHB Sal Agostinelli
|
0-0: Foul Ball, location: 2F 0-1: Fly out, F7 (Flyball, 7, EV 72.5 MPH)
|
|
Batting: RHB Omar Interiano
|
0-0: Called Strike 0-1: Swinging Strike 0-2: Ball 1-2: Fly out, F1 (Popup, 15, EV 81.9 MPH)
|
| Bottom of the 2nd over - 0 runs, 1 hit, 0 errors, 1 left on base; Bradenton 1 - St. Pete 0 |
| TOP OF THE 3RD |
|
Bradenton Sox batting - Pitching for St. Pete Cardinals : RHP Steve Pastrovich
|
|
Batting: RHB Rene Gonzales
|
0-0: Ground out 5-3 (Groundball, 5, EV 86.9 MPH)
|
|
Batting: RHB Dennis Tiefenthaler
|
0-0: Ball 1-0: Fly out, F4 (Popup, 4, EV 75.6 MPH)
|
|
Batting: RHB Dave Hoeksema
|
0-0: Foul Ball, location: 2F 0-1: Ball 1-1: Ball 2-1: Called Strike 2-2: Foul Ball, location: 2F 2-2: Foul Ball, location: 2F 2-2: Ball 3-2: Foul Ball, location: 2F 3-2: Foul Ball, location: 2F 3-2: Strikes out swinging
|
| Top of the 3rd over - 0 runs, 0 hits, 0 errors, 0 left on base; Bradenton 1 - St. Pete 0 |
| BOTTOM OF THE 3RD |
|
St. Pete Cardinals batting - Pitching for Bradenton Sox : RHP Hector Gutierrez
|
|
Batting: RHB Tom Magrann
|
0-0: Ball 1-0: Foul Ball, location: 2F 1-1: Ball 2-1: Swinging Strike 2-2: Strikes out swinging
|
|
Batting: RHB Jose Mantilla
|
0-0: Fly out, F7 (Flyball, 7, EV 81.3 MPH)
|
|
Batting: RHB John Roberts
|
0-0: Ball 1-0: SINGLE (Line Drive, 78M, EV 98.8 MPH)
|
|
Batting: SHB Mickey Riley
|
0-0: SINGLE (Groundball, 56D, EV 97.5 MPH) John Roberts to second
|
|
Batting: RHB Joe Scime
|
0-0: Ball 1-0: Ball 2-0: Ball 3-0: Base on Balls John Roberts to third Mickey Riley to second
|
|
Batting: RHB John Marquardt
|
0-0: Fly out, F7 (Flyball, 78D, EV 91.3 MPH)
|
| Bottom of the 3rd over - 0 runs, 2 hits, 0 errors, 3 left on base; Bradenton 1 - St. Pete 0 |
| TOP OF THE 4TH |
|
Bradenton Sox batting - Pitching for St. Pete Cardinals : RHP Steve Pastrovich
|
|
Batting: RHB Jerry Nalley
|
0-0: Ball 1-0: Fly out, F4 (Popup, 4MD, EV 69.4 MPH)
|
|
Batting: RHB William Murray
|
0-0: Ball 1-0: Ball 2-0: Called Strike 2-1: DOUBLE (Line Drive, 78M, EV 101.3 MPH)
|
|
Batting: RHB Andre Wood
|
0-0: Fly out, F8 (Flyball, 78D, EV 88.8 MPH)
|
|
Batting: RHB Gerry Melillo
|
0-0: Swinging Strike 0-1: Ball 1-1: DOUBLE (Line Drive, 7LS, EV 95.6 MPH) William Murray scores
|
|
Batting: RHB Dennis Keating
|
0-0: Fly out, F9 (Line Drive, 9, EV 92.5 MPH)
|
| Top of the 4th over - 1 run, 2 hits, 0 errors, 1 left on base; Bradenton 2 - St. Pete 0 |
| BOTTOM OF THE 4TH |
|
St. Pete Cardinals batting - Pitching for Bradenton Sox : RHP Hector Gutierrez
|
|
Batting: LHB Richard Hazard
|
0-0: Called Strike 0-1: Fly out, F7 (Flyball, 78S, EV 84.4 MPH)
|
|
Batting: RHB Sal Agostinelli
|
0-0: Ball 1-0: Ground out 6-3 (Groundball, 6M, EV 86.3 MPH)
|
|
Batting: RHB Omar Interiano
|
0-0: Foul Ball, location: 2F 0-1: Foul Ball, location: 2F 0-2: Ball 1-2: Strikes out swinging
|
| Bottom of the 4th over - 0 runs, 0 hits, 0 errors, 0 left on base; Bradenton 2 - St. Pete 0 |
| TOP OF THE 5TH |
|
Bradenton Sox batting - Pitching for St. Pete Cardinals : RHP Steve Pastrovich
|
|
Batting: RHB Dave Coss
|
0-0: SINGLE (Groundball, 4MD, EV 101.3 MPH)
|
|
Batting: RHB Rene Gonzales
|
0-0: Called Strike 0-1: Ball Dave Coss steals 2nd base 1-1: Fly out, F7 (Flyball, 7, EV 88.8 MPH) Runner from 2nd tags up, SAFE at 3rd with throw by LF
|
|
Batting: RHB Dennis Tiefenthaler
|
0-0: Foul Ball, location: 2F 0-1: Swinging Strike 0-2: Strikes out looking
|
|
Batting: RHB Dave Hoeksema
|
0-0: Foul Ball, location: 2F 0-1: Swinging Strike 0-2: Ball 1-2: Strikes out swinging
|
| Top of the 5th over - 0 runs, 1 hit, 0 errors, 1 left on base; Bradenton 2 - St. Pete 0 |
| BOTTOM OF THE 5TH |
|
St. Pete Cardinals batting - Pitching for Bradenton Sox : RHP Hector Gutierrez
|
|
Batting: RHB Tom Magrann
|
0-0: Ball 1-0: Foul Ball, location: 2F 1-1: Ball 2-1: Foul Ball, location: 2F 2-2: Strikes out swinging
|
|
Batting: RHB Jose Mantilla
|
0-0: Ball 1-0: Ball 2-0: Foul Ball, location: 2F 2-1: Swinging Strike 2-2: Strikes out swinging
|
|
Batting: RHB John Roberts
|
0-0: Ball 1-0: Fly out, F7 (Flyball, 78S, EV 70.0 MPH)
|
| Bottom of the 5th over - 0 runs, 0 hits, 0 errors, 0 left on base; Bradenton 2 - St. Pete 0 |
| TOP OF THE 6TH |
|
Bradenton Sox batting - Pitching for St. Pete Cardinals : RHP Steve Pastrovich
|
|
Batting: RHB Jerry Nalley
|
0-0: Ball 1-0: Called Strike 1-1: Ground out 5-3 (Groundball, 56, EV 101.3 MPH)
|
|
Batting: RHB William Murray
|
0-0: Foul Ball, location: 2F 0-1: Fly out, F3 (Popup, 23F, EV 85.6 MPH)
|
|
Batting: RHB Andre Wood
|
0-0: Called Strike 0-1: Ball 1-1: Foul Ball, location: 2F 1-2: Ball 2-2: Foul Ball, location: 2F 2-2: Strikes out swinging
|
| Top of the 6th over - 0 runs, 0 hits, 0 errors, 0 left on base; Bradenton 2 - St. Pete 0 |
| BOTTOM OF THE 6TH |
|
St. Pete Cardinals batting - Pitching for Bradenton Sox : RHP Hector Gutierrez
|
|
Batting: SHB Mickey Riley
|
0-0: Called Strike 0-1: Foul Ball, location: 2F 0-2: Strikes out swinging
|
|
Batting: RHB Joe Scime
|
0-0: Called Strike 0-1: Foul Ball, location: 2F 0-2: Ball 1-2: Ball 2-2: Strikes out looking
|
|
Batting: RHB John Marquardt
|
0-0: Ball 1-0: Ground out 3-1 (Groundball, 34, EV 100.0 MPH)
|
| Bottom of the 6th over - 0 runs, 0 hits, 0 errors, 0 left on base; Bradenton 2 - St. Pete 0 |
| TOP OF THE 7TH |
|
Bradenton Sox batting - Pitching for St. Pete Cardinals : RHP Steve Pastrovich
|
|
Batting: RHB Gerry Melillo
|
0-0: Called Strike 0-1: DOUBLE (Groundball, 5L, EV 103.8 MPH)
|
|
Batting: RHB Dennis Keating
|
0-0: Fly out, F3 (Popup, 3F, EV 55.0 MPH)
|
|
Batting: RHB Dave Coss
|
0-0: Called Strike Gerry Melillo is caught stealing 3rd base 2-5 0-1: Foul Ball, location: 2F 0-2: Ball 1-2: Fly out, F8 (Flyball, 8RD, EV 100.0 MPH)
|
| Top of the 7th over - 0 runs, 1 hit, 0 errors, 0 left on base; Bradenton 2 - St. Pete 0 |
| BOTTOM OF THE 7TH |
|
St. Pete Cardinals batting - Pitching for Bradenton Sox : RHP Hector Gutierrez
|
|
Batting: LHB Richard Hazard
|
0-0: Ball 1-0: Ball 2-0: Ground out 4-3 (Groundball, 4, EV 87.5 MPH)
|
|
Batting: RHB Sal Agostinelli
|
0-0: Ball 1-0: Ball 2-0: Foul Ball, location: 2F 2-1: Swinging Strike 2-2: Ground out 3-1 (Groundball, 34, EV 91.3 MPH)
|
|
Batting: RHB Omar Interiano
|
0-0: Ball 1-0: Called Strike 1-1: Ball 2-1: SINGLE (Line Drive, 9LS, EV 110.0 MPH)
|
|
Batting: RHB Tom Magrann
|
0-0: Called Strike 0-1: Ball 1-1: Swinging Strike 1-2: Strikes out swinging
|
| Bottom of the 7th over - 0 runs, 1 hit, 0 errors, 1 left on base; Bradenton 2 - St. Pete 0 |
| TOP OF THE 8TH |
|
Bradenton Sox batting - Pitching for St. Pete Cardinals : RHP Steve Pastrovich
|
|
Batting: RHB Rene Gonzales
|
0-0: Called Strike 0-1: Called Strike 0-2: Ball 1-2: Ground out 1-3 (Groundball, 13, EV 74.4 MPH)
|
|
Pitching: RHP Alan Banes
|
|
|
Batting: RHB Dennis Tiefenthaler
|
0-0: Ball 1-0: Swinging Strike 1-1: Ball 2-1: SINGLE (Groundball, 6MD, EV 105.0 MPH)
|
|
Batting: RHB Dave Hoeksema
|
0-0: Ball 1-0: Foul Ball, location: 2F 1-1: Foul Ball, location: 2F 1-2: Fly out, F8 (Flyball, 8RS, EV 93.8 MPH)
|
|
Batting: RHB Jerry Nalley
|
0-0: Ball 1-0: Swinging Strike 1-1: Fielders Choice at 2nd, 6-4 (Groundball, 6, EV 81.9 MPH)
|
| Top of the 8th over - 0 runs, 1 hit, 0 errors, 1 left on base; Bradenton 2 - St. Pete 0 |
| BOTTOM OF THE 8TH |
|
St. Pete Cardinals batting - Pitching for Bradenton Sox : RHP Hector Gutierrez
|
|
Batting: RHB Jose Mantilla
|
0-0: Called Strike 0-1: Foul Ball, location: 2F 0-2: Hit by Pitch
|
|
Batting: RHB John Roberts
|
0-0: Fielders Choice at 2nd, 5-4 (Groundball, 56S, EV 80.0 MPH)
|
|
Batting: SHB Mickey Riley
|
0-0: Ball 1-0: Fly out, F9 (Flyball, 89D, EV 100.6 MPH) Runner from 1st tags up, SAFE at 2nd
|
|
Batting: RHB Joe Scime
|
0-0: Foul Ball, location: 2F 0-1: Foul Ball, location: 2F 0-2: Ball 1-2: Strikes out swinging
|
| Bottom of the 8th over - 0 runs, 0 hits, 0 errors, 1 left on base; Bradenton 2 - St. Pete 0 |
| TOP OF THE 9TH |
|
Bradenton Sox batting - Pitching for St. Pete Cardinals : RHP Alan Banes
|
|
Batting: RHB William Murray
|
0-0: Called Strike 0-1: Ball 1-1: Called Strike 1-2: Ball 2-2: Ball 3-2: Base on Balls
|
|
Batting: RHB Andre Wood
|
0-0: Called Strike 0-1: Ball 1-1: Fielders Choice at 2nd, 5-4 (Groundball, 5S, EV 78.8 MPH)
|
|
Batting: RHB Gerry Melillo
|
0-0: Called Strike 0-1: Called Strike 0-2: Strikes out swinging
|
|
Batting: RHB Dennis Keating
|
0-0: Ball 1-0: Ball 2-0: Ball 3-0: Called Strike 3-1: Foul Ball, location: 2F 3-2: SINGLE (Groundball, 34D, EV 106.9 MPH) Andre Wood to second Andre Wood to third
|
|
Pitching: RHP Dave W Johnson
|
|
|
Batting: RHB Dave Coss
|
0-0: Foul Ball, location: 2F 0-1: Ball 1-1: Ball 2-1: Fly out, F8 (Flyball, 8RD, EV 90.6 MPH)
|
| Top of the 9th over - 0 runs, 1 hit, 0 errors, 2 left on base; Bradenton 2 - St. Pete 0 |
| BOTTOM OF THE 9TH |
|
St. Pete Cardinals batting - Pitching for Bradenton Sox : RHP Hector Gutierrez
|
|
Batting: RHB John Marquardt
|
0-0: Foul Ball, location: 2F 0-1: Ball 1-1: DOUBLE (Flyball, 89D, EV 100.0 MPH)
|
|
Batting: LHB Richard Hazard
|
0-0: Ball 1-0: Ball 2-0: Foul Ball, location: 2F 2-1: SINGLE (Line Drive, 4D, EV 96.3 MPH) John Marquardt to third
|
|
Batting: RHB Sal Agostinelli
|
0-0: Ball 1-0: Ball 2-0: Grounds into double play, 6-4-3 (Groundball, 6, EV 81.9 MPH) John Marquardt scores
|
|
Pitching: RHP Barry Govero
|
|
|
Now in RF: Robert Parr
|
|
|
Pinch Hitting: RHB Eric Hardgrave
|
0-0: Fly out, F9 (Flyball, 9LD, EV 81.3 MPH)
|
| Bottom of the 9th over - 1 run, 2 hits, 0 errors, 0 left on base; Bradenton 2 - St. Pete 1 |
|